Cogmind - Beta 10 @@@ ROGUE MODE // 2020.09.10 @ 03:09:55 // Winter2019/RPGLIKE Player: Torako Result: Destroyed self with Rocket Launcher Performance ------------- Evolutions (0) 0 Regions Visited (4) 800 Robots Destroyed (26) 130 Value Destroyed (317) 317 Prototype IDs (0) 0 Alien Tech Used (0) 0 Bonus (0) 0 TOTAL SCORE: 1247 Bonus ------- None Cogmind --------- Core Integrity 0/1000 Matter 85/300 Energy 100/100 System Corruption 0% Temperature Cool (0) Movement Hovering (76) Location -9/Mines Parts ------- > --- POWER (1) -------- (None) > --- PROPULSION (2) --- Combat Airjet Combat Airjet > --- UTILITY (1) ------ Terrain Scanner > --- WEAPON (1) ------- Rocket Launcher > --- INVENTORY (0) ---- (None) Peak State ------------ > --- POWER ------------ Ion Engine > --- PROPULSION ------- Combat Airjet Combat Airjet > --- UTILITY ---------- Terrain Scanner > --- WEAPON ----------- Autogun > --- INVENTORY -------- (None) [Rating: 14] Favorites ----------- Power Ion Engine Engine Ion Engine Propulsion Combat Airjet Leg Aluminum Leg Hover Unit Combat Airjet Flight Unit Flight Unit Utility Terrain Scanner Device Terrain Scanner Weapon Autogun Energy Gun Medium Laser Ballistic Gun Autogun Launcher Rocket Launcher Build | -11 -10 -10 -10 -9 ------- Run | Scr Mat Min Exi Min Slots Evolved 1 | . 1 . . . Power . | . . . . . Propulsion 1 | . 1 . . . Utility . | . . . . . Weapon . | . . . . . Parts Attached 12 | 3 6 2 . 1 Power 1 | 1 . . . . Engine 1 | 1 . . . . Core . | . . . . . Reactor . | . . . . . Propulsion 7 | 1 4 2 . . Treads . | . . . . . Leg 1 | 1 . . . . Wheel . | . . . . . Hover 4 | . 2 2 . . Flight 2 | . 2 . . . Utility 1 | . 1 . . . Device 1 | . 1 . . . Storage . | . . . . . Processor . | . . . . . Hackware . | . . . . . Protection . | . . . . . Artifact . | . . . . . Weapon 3 | 1 1 . . 1 Energy Gun 1 | 1 . . . . Energy Cannon . | . . . . . Ballistic Gun 1 | . 1 . . . Ballistic Cannon . | . . . . . Launcher 1 | . . . . 1 Special Weapon . | . . . . . Impact Weapon . | . . . . . Slashing Weapon . | . . . . . Piercing Weapon . | . . . . . Special Melee Weapon . | . . . . . Unidentified Prototypes . | . . . . . Parts Lost 1 | . . . . 1 Power 1 | . . . . 1 Propulsion . | . . . . . Utility . | . . . . . Weapon . | . . . . . Highest Loss Streak 1 | . . . . 1 Average Slot Usage (%) 98 | . 96 100 100 97 Engine 19 | . 21 20 20 17 Hover 30 | . 26 26 40 40 Flight 7 | . 4 13 . . Device 19 | . 18 20 20 20 Ballistic Gun 18 | . 15 20 20 15 Naked Turns . | . . . . . Heaviest Build 10 | 7 9 9 9 10 Greatest Support 49 | 10 21 49 49 49 Greatest Overweight (x) 1 | . 1 . . . Average Overweight (x) . | . . . . . Largest Inventory Capacity . | . . . . . Average Capacity . | . . . . . Most Carried . | . . . . . Average Carried . | . . . . . Final Capacity . | . . . . . Final Carried . | . . . . . Class Distribution -------------------- 100% | Mutant Dominant Class ---------------- Mutant | -10/Materials Mutant | -10/Mines Mutant | -10/Exiles Mutant | -9/Mines Resources | -11 -10 -10 -10 -9 ----------- Run | Scr Mat Min Exi Min Matter Collected 694 | 70 51 573 . . Remotely . | . . . . . Salvage Created 386 | . 65 274 . 47 Parts 26 | . 7 8 . 11 Haulers Intercepted 1 | . 1 . . . Recyclers Shooed . | . . . . . Parts Field Recycled . | . . . . . Retrieved Matter . | . . . . . Parts Self-Destructed . | . . . . . Prevented . | . . . . . Kills | -11 -10 -10 -10 -9 ------- Run | Scr Mat Min Exi Min Combat Hostiles Destroyed 24 | . 2 13 . 9 Guns 19 | . 2 13 . 4 AOE 5 | . . . . 5 Classes Destroyed 6 | . 3 2 . 1 Worker 1 | . 1 . . . Hauler 1 | . 1 . . . Swarmer 11 | . . 3 . 8 Grunt 4 | . 2 2 . . Sentry 1 | . . . . 1 Assembled 8 | . . 8 . . Best Kill Streak 5 | . 2 3 . 5 Combat Bots Only 5 | . 1 3 . 5 Max Kills in Single Turn 1 | . 1 1 . 1 Gunslinging . | . . . . . Exploded 1 | . . . . 1 Melee . | . . . . . Uniques/NPCs Destroyed . | . . . . . Combat | -11 -10 -10 -10 -9 -------- Run | Scr Mat Min Exi Min Damage Taken 1541 | . 117 944 . 480 Core 1283 | . 93 800 . 390 Absorbed by Shields . | . . . . . Redirected to Core 845 | . 71 483 . 291 Core Remaining (%) 100 | 100 . . . . Volleys Fired 124 | . 16 80 . 28 Largest 1 | . 1 1 . 1 Hottest 33 | . 23 23 . 33 Shots Fired 124 | . 16 80 . 28 Gun 110 | . 16 80 . 14 Cannon . | . . . . . Launcher 14 | . . . . 14 Special . | . . . . . Kinetic 110 | . 16 80 . 14 Thermal . | . . . . . Explosive 14 | . . . . 14 Electromagnetic . | . . . . . Robot Hit Streak 18 | . 12 18 . 3 Robot Miss Streak 8 | . 1 5 . 8 Penetration Max . | . . . . . Secondary Targets . | . . . . . Shots Hit Robots 68 | . 14 46 . 8 Core Hits 35 | . 4 21 . 10 Critical Hits . | . . . . . Critical Kills . | . . . . . Critical Parts Destroyed . | . . . . . Melee Attacks . | . . . . . Impact . | . . . . . Slashing . | . . . . . Piercing . | . . . . . Sneak Attacks . | . . . . . Combat Hostiles . | . . . . . Follow-up Attacks . | . . . . . Damage Inflicted 1467 | . 220 714 . 533 Guns 1002 | . 220 714 . 68 Cannons . | . . . . . Explosions 465 | . . . . 465 Melee . | . . . . . Ramming . | . . . . . Kinetic 1002 | . 220 714 . 68 Thermal . | . . . . . Explosive 465 | . . . . 465 Electromagnetic . | . . . . . Impact . | . . . . . Slashing . | . . . . . Piercing . | . . . . . Highest Corruption . | . . . . . Average Corruption . | . . . . . Corruption Purged . | . . . . . Overload Shots . | . . . . . Overflow Damage 122 | . . . . 122 Projectiles . | . . . . . Explosions 122 | . . . . 122 Melee . | . . . . . Knockbacks . | . . . . . Impact . | . . . . . Kinetic . | . . . . . Secondary . | . . . . . Self-Inflicted Damage 80 | . . . . 80 Shots 2 | . . . . 2 Rammed . | . . . . . Targets Rammed . | . . . . . Kicked . | . . . . . Crushed . | . . . . . Highest Temperature 26 | . 16 26 . 6 Average Temperature 6 | . 8 6 . 3 Received Heat Transfer 396 | . 63 297 . 36 Siege Activations . | . . . . . Robots Corrupted . | . . . . . Combat Hostiles . | . . . . . Parts Fried . | . . . . . Impact Corruptions . | . . . . . Robots Melted . | . . . . . Combat Hostiles . | . . . . . Parts Melted . | . . . . . Heat Transferred . | . . . . . Parts Sabotaged . | . . . . . Parts Stolen . | . . . . . Parts Stripped . | . . . . . Power Chain Reactions . | . . . . . Missiles Intercepted . | . . . . . Alert | -11 -10 -10 -10 -9 ------- Run | Scr Mat Min Exi Min Peak Influence 220 | . 146 206 . 220 Initial 56 | . . 56 . . Average 105 | . 52 129 . 107 Maximum Alert Level 1 | . . 1 . 1 Low Security (%) 91 | 100 100 87 . 91 Level 1 8 | . . 12 . 8 Level 2 . | . . . . . Level 3 . | . . . . . Level 4 . | . . . . . Level 5 . | . . . . . High Security . | . . . . . Max Security . | . . . . . Squads Dispatched 1 | . 1 . . . Investigation 1 | . 1 . . . Extermination . | . . . . . Reinforcement . | . . . . . Assault . | . . . . . Garrison . | . . . . . Intercept . | . . . . . Construction Impeded . | . . . . . Haulers Reinforced . | . . . . . Stealth | -11 -10 -10 -10 -9 --------- Run | Scr Mat Min Exi Min Distress Signals 1 | . 1 . . . Communications Jammed . | . . . . . Distress Signals . | . . . . . Times Spotted 42 | . 7 25 . 10 Peak Tracking Total 6 | . 6 6 . 6 Tactical Retreats 4 | . . 3 . 1 Traps | -11 -10 -10 -10 -9 ------- Run | Scr Mat Min Exi Min Traps Triggered . | . . . . . Indirectly . | . . . . . Trap Hack Attempts . | . . . . . Triggered . | . . . . . Disarmed . | . . . . . Reprogrammed . | . . . . . Reused . | . . . . . Traps Extracted . | . . . . . Installed . | . . . . . Triggered . | . . . . . Machines | -11 -10 -10 -10 -9 ---------- Run | Scr Mat Min Exi Min Machines Disabled 1 | . . 1 . . Max in Single Turn . | . . . . . Machines Sabotaged . | . . . . . Garrisons Compromised . | . . . . . Overloaded Fab Kills . | . . . . . Fab Network Shutdowns . | . . . . . Hacking | -11 -10 -10 -10 -9 --------- Run | Scr Mat Min Exi Min Machines Accessed 4 | . 3 . 1 . Terminals 2 | . 2 . . . Fabricators . | . . . . . Repair Stations . | . . . . . Recycling Units 1 | . 1 . . . Scanalyzers . | . . . . . Garrison Access . | . . . . . Total Hacks 11 | . 7 . 4 . Successful 9 | . 5 . 4 . Failed 2 | . 2 . . . Catastrophic . | . . . . . Database Lockouts . | . . . . . Manual 6 | . 6 . . . Terminals 5 | . 5 . . . Fabricators . | . . . . . Repair Stations . | . . . . . Recycling Units 2 | . 2 . . . Scanalyzers . | . . . . . Garrison Access . | . . . . . Terminal Hacks 4 | . . . 4 . Record 4 | . . . 4 . Fabricator Hacks . | . . . . . Repair Station Hacks . | . . . . . Recycling Unit Hacks 1 | . 1 . . . Report Inventory 1 | . 1 . . . Scanalyzer . | . . . . . Garrison Access Hacks . | . . . . . Unauthorized Hacks 4 | . 4 . . . Terminals 3 | . 3 . . . Botnet 2 | . 2 . . . Disrupt 1 | . 1 . . . Fabricators . | . . . . . Repair Stations . | . . . . . Recycling Units 1 | . 1 . . . Tunnel 1 | . 1 . . . Scanalyzers . | . . . . . Garrison Access . | . . . . . Data Cores Recovered . | . . . . . Used . | . . . . . Hacking Detections 1 | . 1 . . . Full Trace Events . | . . . . . Feedback Events . | . . . . . Feedback Blocked . | . . . . . Robot Schematics Acquired . | . . . . . Robots Built . | . . . . . Matter . | . . . . . Time . | . . . . . Total Robot Build Rating . | . . . . . Part Schematics Acquired . | . . . . . Parts Built . | . . . . . Matter . | . . . . . Time . | . . . . . Total Part Build Rating . | . . . . . Parts Repaired . | . . . . . Time . | . . . . . Parts Recycled . | . . . . . Recycled Matter . | . . . . . Retrieved Matter . | . . . . . Retrieved Components . | . . . . . Parts Scanalyzed . | . . . . . Part Schematics Acquired . | . . . . . Parts Damaged . | . . . . . Bothacking | -11 -10 -10 -10 -9 ------------ Run | Scr Mat Min Exi Min Used RIF Installer . | . . . . . Robots Hacked . | . . . . . Non-combat . | . . . . . Combat . | . . . . . Robot Hacks Applied . | . . . . . Relay Couplers Released . | . . . . . Robots Rewired . | . . . . . Allies Hacked . | . . . . . Hacks Repelled . | . . . . . Allies | -11 -10 -10 -10 -9 -------- Run | Scr Mat Min Exi Min Total Allies 1 | . . 1 . . Largest Group 1 | . . 1 . . Highest-Rated Group 31 | . . 31 . . Highest-Rated Ally 31 | . . 31 . . Total Orders . | . . . . . Ally Attacks 1 | . . 1 . . Total Damage . | . . . . . Kills . | . . . . . Allies Corrupted . | . . . . . Allies Melted . | . . . . . Intel | -11 -10 -10 -10 -9 ------- Run | Scr Mat Min Exi Min Robot Analysis Total . | . . . . . Derelict Logs Recovered 1 | . . . . 1 Drone Launches . | . . . . . Drone Recoveries . | . . . . . Exploration | -11 -10 -10 -10 -9 ------------- Run | Scr Mat Min Exi Min Turns Passed 1040 | 32 185 528 103 192 Spaces Moved 1069 | 31 159 567 136 176 Core 13 | 13 . . . . Treads . | . . . . . Legs 46 | 18 28 . . . Wheels . | . . . . . Hover 744 | . 91 341 136 176 Flight 266 | . 40 226 . . Fastest Speed 37 | 50 37 37 76 76 Average Speed 66 | 90 64 60 76 76 Slowest Speed 120 | 120 120 76 76 76 Overloaded Moves . | . . . . . Propulsion Burnouts . | . . . . . Robots Hopped 3 | . 1 2 . . Cave-ins Triggered . | . . . . . Exploration Rate (%) 45 | 3 28 87 50 60 Regions Visited 4 Branch Regions 3 Pre-discovered Areas 2 | . 1 . 1 . Known Exits Taken . | . . . . . Unknown Exits Taken 4 | 1 1 1 1 . Scrap Searched 1 | . . 1 . . Spaces Dug 9 | . . . . 9 Terrain Destroyed 100 | . . . . 100 Melee . | . . . . . Projectile . | . . . . . AOE 100 | . . . . 100 Terrain Rammed . | . . . . . Walls Destroyed . | . . . . . Machines Disabled . | . . . . . Actions | -11 -10 -10 -10 -9 --------- Run | Scr Mat Min Exi Min Total 1290 | 33 226 685 135 211 Wait 69 | . 38 30 . 1 Move 1059 | 30 156 562 135 176 Hop 3 | . 1 2 . . Pick Up . | . . . . . Fast Attach 12 | 3 6 2 . 1 Attach . | . . . . . Detach . | . . . . . Swap . | . . . . . Drop 7 | . 4 2 . 1 Fire 124 | . 16 80 . 28 Melee . | . . . . . Ram . | . . . . . Kick . | . . . . . Crush . | . . . . . Escape Stasis . | . . . . . Rewire . | . . . . . Trap . | . . . . . Miscellaneous 16 | . 5 7 . 4 Route ------- -11/Scrapyard -10/Materials -10/Mines (discovered 3 exits: [*Mat x2] / *Exi) -10/Exiles (discovered 2 exits: [*Min x2]) -9/Mines History --------- Turn | Location | Event 6 | -11/Scrapyard | Discovered new exit (range 16) 33 | -11/Scrapyard | Entered Materials 75 | -10/Materials | Upgraded with Propulsion slot (x1) 166 | -10/Materials | Discovered new exit (range 11) 218 | -10/Materials | Entered Mines 227 | -10/Mines | Assembled infested the area 315 | -10/Mines | Build established: Mutant 329 | -10/Mines | Reached level 2 370 | -10/Mines | Discovered new exit (range 11) 400 | -10/Mines | Core integrity fell below 50% 472 | -10/Mines | Core integrity fell below 20% 483 | -10/Mines | Discovered new exit (range 11) 661 | -10/Mines | Received a Mining Laser from a helpful Derelict 743 | -10/Mines | Deemed a non-threat by the Exiles lab entrance 743 | -10/Mines | Discovered new exit (range 5) 746 | -10/Mines | Entered Exiles 758 | -10/Exiles | Discovered new exit (range 15) 767 | -10/Exiles | Met 8R-AWN 778 | -10/Exiles | Met EX-HEX 812 | -10/Exiles | Met EX-DEC 815 | -10/Exiles | Learned location of Zion (-6) 842 | -10/Exiles | Discovered new exit (range 10) 849 | -10/Exiles | Entered Mines 979 | -9/Mines | Learned location of 2 exits from Materials 989 | -9/Mines | Received a Rocket Launcher from a helpful Derelict 1012 | -9/Mines | Reached level 3 1041 | -9/Mines | Destroyed self with Rocket Launcher Last Messages --------------- Acquired Rocket Launcher. U-05 Engineer lays Concrete. R-06 Scavenger collects Wheel. U-05 Engineer lays Concrete. Destroyed Lgt. Ion Engine. Destroyed Flight Unit. Reached level 3. Ion Engine destroyed. Destroyed Ion Engine. S-10 Pest destroyed. Destroyed Lgt. Ion Engine. Destroyed Lgt. Assault Rifle. Destroyed Flight Unit. S-10 Pest destroyed. The unstable cave ceiling collapses. U-05 Engineer lays Concrete. The unstable cave ceiling collapses. U-05 Engineer lays Concrete. The unstable cave ceiling collapses. U-05 Engineer lays Concrete. Map ----- +----------------------------------------------------+ | | | | | | | | | | | | | | | | | | | | | | | ###?#??######?##############?####?? | | ###???#?##########################? | | ################# # ############### | | ###?############ ############## | | ?############## ############# | | ############### ############ | | ############## ############ | | ########## Y ########### | | ########## = ########### | | ########## #### ########## | | #####?# #### ######### | | ##### ######### ######## | | #### ############# ###### | | ### ######### ## # #### | | ## ### @ #### | | ### ##### | | ## #### #### #### | | ### #### #### ##### | | ### ### #### ##### | | ### ### ###### | | ### #### r # ##### | | ## ##### ### ##### | | ###### #### ##### | | ###### #### r ###### | | ### ##?## #### ### | | ########?? #### u ## | | ####????##??? ### ?# | | #######????#? ? ? ### | | ###??##??#??????? ? #### | | ?????????????????? ? ####? | | ??????????????????#? ##???? | | ???????????????????## #####? | | ????????????????????# #?##?? | | ????????????????????# #????? | | ????????????????????? ##????? | | ??????????????????????? #??????? | | ??????????????????????????????????? | | ??????????????????????????????????? | | ??????????????????????????????????? | +----------------------------------------------------+ Best States ------------- Heat Dissipation 25 Energy Generation 10 Energy Capacity 250 Matter Stores 300 Matter Capacity 300 Sight Range 16 Terrain Scan Range 14 Terrain Scan Density 1010 Evasion (%) 62 Item Schematics ----------------- None Robot Schematics ------------------ None Fabricated ------------ Nothing Alien Tech Used ----------------- None Achievements -------------- None Challenges ------------ None RPGLIKE | -11 -10 -10 -10 -9 --------- Run | Scr Mat Min Exi Min Levels Raised 2 | . . 1 . 1 XP Earned 6405 | 3000 530 1175 200 1500 XP Spent 3380 | . 2900 300 . 180 Upgrades 20 | . 12 6 . 2 Propulsion Slot 1 | . 1 . . . Core Integrity 8 | . . 6 . 2 Mass Support 1 | . 1 . . . Terrain Scan Density 10 | . 10 . . . Protomatter Created 167 | . 72 29 . 66 Integrity Restored 290 | . 98 117 . 75 Core 273 | . 81 117 . 75 Parts 17 | . 17 . . . Protomatter Decayed 82 | . 32 50 . . Game ------ Seed FireZioniteBlade Manual? 0 Play Time 00:13:01 Cumulative 216.0 hours Start 2020.09.10 @ 02:58:56 End 2020.09.10 @ 03:09:55 Sessions 1 Manual Loads 0 Difficulty Rogue Special Mode Winter2019/RPGLIKE Game No. 236 Rogue 236 Adventurer 0 Explorer 0 Win Type - Total 10 Types 8/0/2/0/0/0/0/0/0 Lore% 74 Gallery% 85 Achievement% 64 Wizard Run 0 Options --------- ASCII 0 Keyboard 1 Movement Numpad Keybinds 0 Fullscreen 1 Font 18/SmallcapsGlow Map View 76x50 Tactical HUD 1 Map Filters NONE Filters NONE Steam 1 RUN: 15085f29-10a8-4263-b7f9-840baf8c6465